 Dungeon Crawl Stone Soup version 0.25-a0-730-g633e9c3 (webtiles) character file.

Game seed: 11389253945501643846, levelgen mode: deterministic

2600 BlueFish the Thaumaturge (level 9, -1/66 HPs)
             Began as a Mummy Wizard on Apr 7, 2020.
             Was a Follower of Kikubaaqudgha.
             Killed from afar by an efreet (6 damage)
             ... with a fireball
             ... on level 2 of the Abyss.
             The game lasted 00:31:43 (11962 turns).

BlueFish the Thaumaturge (Mummy Wizard)            Turns: 11962, Time: 00:31:44

Health: -1/66      AC:  9    Str: 14    XL:     9   Next: 33%
Magic:  31/31      EV: 14    Int: 27    God:    Kikubaaqudgha [*.....]
Gold:   450        SH:  0    Dex: 13    Spells: 9/26 levels left

rFire    x . .     SeeInvis .   y - +1 trident (flame)
rCold    . . .     Gourm    .   (no shield)
rNeg     + + +     Faith    .   a - +0 robe
rPois    ∞         Spirit   .   m - +2 helmet
rElec    .         Reflect  .   c - +0 cloak
rCorr    .         Harm     .   s - +2 pair of gloves
MR       +....                  (no boots)
Stlth    +++.......             (no amulet)
HPRegen  0.21/turn              x - ring "Oxteosoz" {rPois rC- Str+3 Int+7 Dex+3}
MPRegen  0.22/turn              w - ring of magical power

@: about to teleport
A: no food or potions, fire vulnerability, cold resistance 1, negative energy
resistance 3, torment resistance, unbreathing
a: Receive Corpses, Renounce Religion


You were on level 2 of the Abyss.
You worshipped Kikubaaqudgha.
Kikubaaqudgha was aware of your devotion.
You were not hungry.

You visited 2 branches of the dungeon, and saw 9 of its levels.
You visited the Abyss 1 time.

You collected 450 gold pieces.

Inventory:

Hand Weapons
 h - a +0 spear
 j - a +0 whip of draining
 l - a +0 trident
 y - a +1 trident of flaming (weapon)
Missiles
 f - 344 stones (quivered)
Armour
 a - a +0 robe (worn)
 c - a +0 cloak (worn)
 m - a +2 helmet (worn)
 s - a +2 pair of gloves (worn)
Jewellery
 i - an uncursed amulet of guardian spirit
 n - an uncursed ring of protection from magic
 w - a ring of magical power (right hand)
 x - the ring "Oxteosoz" (left hand) {rPois rC- Str+3 Int+7 Dex+3}
   (You found it on level 7 of the Dungeon)

   [ring of dexterity]

   It affects your strength (+3).
   It affects your intelligence (+7).
   It affects your dexterity (+3).
   It makes you vulnerable to cold.
   It protects you from poison.
Wands
 q - a wand of paralysis (5)
Scrolls
 b - 4 scrolls of blinking
 d - 4 scrolls of remove curse
 e - a scroll of magic mapping
 g - 7 scrolls of teleportation
 k - 3 scrolls of fear
 o - a scroll of enchant armour
 p - 3 scrolls of enchant weapon
 r - 2 scrolls of noise
 t - 2 scrolls of amnesia
 u - a scroll of fog
 v - a scroll of identify


   Skills:
 * Level 4.3 Fighting
 * Level 3.8 Polearms
 * Level 4.1 Dodging
 * Level 4.3 Stealth
 * Level 9.1 Spellcasting
 + Level 2.3 Conjurations
 + Level 3.0 Summonings
 * Level 0.8 Necromancy
 + Level 0.7 Translocations
 + Level 0.7 Fire Magic
 + Level 0.5 Air Magic
 + Level 0.8 Poison Magic


You had 9 spell levels left.
You knew the following spells:

 Your Spells              Type           Power        Failure   Level  Hunger
a - Magic Dart            Conj           ####         1%          1    N/A
b - Blink                 Tloc           N/A          5%          2    N/A
c - Call Imp              Summ           ####....     1%          2    N/A
d - Slow                  Hex            ##......     7%          2    N/A
e - Mephitic Cloud        Conj/Pois/Air  ###.....     9%          3    N/A
f - Foxfire               Conj/Fire      ###.         2%          1    N/A
g - Pain                  Necr           ###.         3%          1    N/A
h - Corpse Rot            Necr/Air       N/A          5%          2    N/A
i - Vampiric Draining     Necr           ###.......   10%         3    N/A

Your spell library contained the following spells:

 Spells                   Type           Power        Failure   Level  Hunger
 Animate Skeleton         Necr           N/A          3%          1    N/A
 Conjure Flame            Conj/Fire      ###.....     8%          3    N/A
 Inner Flame              Hex/Fire       ##......     12%         3    N/A
 Sticky Flame             Conj/Fire      ###.....     24%         4    N/A
 Fireball                 Conj/Fire      ###.......   56%         5    N/A

Dungeon Overview and Level Annotations

Branches:
Dungeon (8/15)             Temple (1/1) D:6
   Lair: D:8-11

Altars:
Cheibriados
Dithmenos
Elyvilon
Gozag
Hepliaklqana
Kikubaaqudgha
Nemelex Xobeh
Okawaru
Qazlal
Ru
Sif Muna
Trog
Uskayaw
Vehumet
Wu Jian
Xom
Zin
The Shining One

Annotations:
D:8 Psyche


Innate Abilities, Weirdness & Mutations

You do not eat or drink.
Your flesh is vulnerable to fire.
You are immune to poison.
Your flesh is cold resistant. (rC+)
You are immune to negative energy. (rN+++)
You are immune to unholy pain and torment.
You can survive without breathing.


Message History

A large abomination comes into view.
The deep elf mage casts a spell.
The deep elf mage blinks!
The deep elf mage points at you and mumbles some strange words.
The bolt of cold misses you.
The deep elf mage points at you and mumbles some strange words.
The shard of ice hits you!! The deep elf mage casts a spell at you.
The shard of ice hits you!!
* * * LOW HITPOINT WARNING * * *
Found 17 stones.
A sixfirhy comes into view.
Okay, then.
The efreet gestures at you.
The fireball explodes!
The fireball engulfs you! The fire burns you terribly!
* * * LOW HITPOINT WARNING * * *
The efreet gestures at you.
The fireball explodes!
The fireball engulfs you. The fire burns you terribly!
You die...
Kikubaaqudgha rasps: "You have failed me!
Welcome... oblivion!"

## .###..# . ## ##
...#.#. # ....#
#.# ..... ..# .#..
#...#.#.###..
###..# .#
#..#..#.# #.#..#
.##.#..#####.@###
#...e.°..#.#..(..#
. #
#.☼#.R○##.##..3..#
...##e##..
R.#.#..##...# . R
########...# ###
.#. .○R..## #'##
...#X..#○..# ...#
##....#°# ## ####
#.#..###.# ###.


You could see a sixfirhy and an efreet.

Vanquished Creatures
  A warg (D:8)
  A water moccasin (D:8)
  2 orc warriors (D:7)
  3 phantoms
  An ogre (D:7)
  A water moccasin zombie (D:8)
  A wight (D:6)
  2 howler monkeys (D:8)
  2 jellies
  2 crimson imps
  2 bullfrog zombies (D:5)
  A hound (D:7)
  7 orc priests
  8 orc wizards
  A worker ant (D:7)
  A hound skeleton (D:5)
  4 gnolls
  2 adders
  A shadow imp (D:5)
  An ooze (D:4)
  An adder skeleton (D:4)
  A dart slug (D:1)
  7 leopard geckos
  15 orcs
  8 giant cockroaches
  13 goblins
  4 hobgoblins
  8 jackals
  4 kobolds
  5 quokkas
  2 ball pythons (D:2)
  6 bats
  7 frilled lizards
  A quokka zombie (D:3)
  7 rats
133 creatures vanquished.

Vanquished Creatures (collateral kills)
  A hippogriff (D:5)
  Edmund (D:5)
  A warg (D:8)
  2 orc warriors
  2 sky beasts
  An ice beast (D:6)
  3 bullfrogs
  2 scorpions
  2 wights (D:6)
  An orc priest (D:8)
  2 orc wizards
  4 worker ants
  A killer bee zombie (D:6)
  A hound skeleton (D:5)
  A worker ant zombie (D:6)
  3 gnolls
  5 worms
  9 orcs
  A giant cockroach (D:5)
  A hobgoblin (D:1)
  3 jackals (D:3)
  A bat (D:1)
  A rat (D:3)
49 creatures vanquished.

Vanquished Creatures (others)
  A rat (D:3)
  92 foxfires
93 creatures vanquished.

Grand Total: 275 creatures vanquished

Notes
Turn   | Place    | Note
-------+----------+-------------------------------------------
     0 | D:1      | BlueFish the Mummy Wizard began the quest for the Orb.
     0 | D:1      | Reached XP level 1. HP: 13/13 MP: 5/5
   231 | D:1      | Reached XP level 2. HP: 19/19 MP: 1/7
   235 | D:1      | Learned a level 2 spell: Blink
   238 | D:1      | Learned a level 2 spell: Call Imp
   241 | D:1      | Learned a level 2 spell: Slow
   687 | D:1      | Reached skill level 1 in Conjurations
   705 | D:1      | Reached skill level 5 in Spellcasting
   969 | D:1      | Reached XP level 3. HP: 3/24 MP: 9/9
  1251 | D:1      | Learned a level 3 spell: Mephitic Cloud
  1836 | D:2      | You fall into a shaft and drop 2 floors!
  1890 | D:4      | Found a stormy altar of Qazlal.
  2107 | D:4      | Noticed a scorpion
  2127 | D:4      | Killed a scorpion
  2127 | D:4      | Reached XP level 4. HP: 31/31 MP: 2/11
  2335 | D:4      | Reached skill level 1 in Fighting
  2406 | D:3      | Found a white marble altar of Elyvilon.
  3118 | D:3      | Reached XP level 5. HP: 37/37 MP: 0/13
  3230 | D:3      | Reached skill level 1 in Summonings
  3381 | D:3      | Found a hazy altar of Hepliaklqana.
  3851 | D:3      | Found a shimmering blue altar of Sif Muna.
  4285 | D:4      | Found a glowing golden altar of the Shining One.
  4373 | D:4      | Found an ornate altar of the Wu Jian Council.
  4484 | D:4      | Noticed a phantom
  4570 | D:4      | Killed a phantom
  4570 | D:4      | Reached skill level 1 in Polearms
  4570 | D:4      | Reached skill level 6 in Spellcasting
  4698 | D:4      | Noticed a phantom
  4806 | D:4      | Killed a phantom
  4806 | D:4      | Reached XP level 6. HP: 29/44 MP: 1/15
  5290 | D:4      | Found a sparkling altar of Nemelex Xobeh.
  5398 | D:4      | Found a shadowy altar of Dithmenos.
  5419 | D:4      | Found a radiant altar of Vehumet.
  5420 | D:4      | Found an iron altar of Okawaru.
  5420 | D:4      | Found a glowing silver altar of Zin.
  5421 | D:4      | Found a shimmering altar of Xom.
  5486 | D:5      | Entered Level 5 of the Dungeon
  5576 | D:5      | Noticed a hippogriff
  5585 | D:5      | Killed a hippogriff
  5987 | D:5      | Reached XP level 7. HP: 38/49 MP: 9/17
  6241 | D:5      | Reached skill level 7 in Spellcasting
  6404 | D:5      | Noticed Edmund
  6420 | D:5      | Killed Edmund
  6650 | D:5      | Found a bloodstained altar of Trog.
  7919 | D:6      | Reached XP level 8. HP: 56/57 MP: 2/19
  8420 | D:6      | Found a staircase to the Ecumenical Temple.
  8429 | Temple   | Entered the Ecumenical Temple
  8440 | Temple   | Became a worshipper of Kikubaaqudgha
  8793 | D:6      | Found a sacrificial altar of Ru.
  8842 | D:7      | Got a transparent wooden ring
  8847 | D:7      | Identified the ring "Oxteosoz" {rPois rC- Str+3 Int+7
                  | Dex+3} (You found it on level 7 of the Dungeon)
  9079 | D:7      | Learned a level 1 spell: Foxfire
  9364 | D:7      | Reached skill level 8 in Spellcasting
 10510 | D:8      | Reached XP level 9. HP: 65/65 MP: 21/21
 11076 | D:8      | Reached skill level 9 in Spellcasting
 11430 | D:8      | Reached * piety under Kikubaaqudgha
 11430 | D:8      | Identified Kikubaaqudgha's Catalogue of Darkness
                  | (Kikubaaqudgha gifted it to you on level 8 of the Dungeon)
 11430 | D:8      | Received a gift from Kikubaaqudgha
 11436 | D:8      | Learned a level 1 spell: Pain
 11439 | D:8      | Learned a level 2 spell: Corpse Rot
 11443 | D:8      | Learned a level 3 spell: Vampiric Draining
 11738 | D:8      | Noticed Psyche
 11768 | D:8      | Cast into level 2 of the Abyss (Psyche)
 11938 | Abyss:2  | Noticed a deep elf mage
 11944 | Abyss:2  | Noticed an efreet
 11960 | Abyss:2  | Noticed a sixfirhy
 11962 | Abyss:2  | Killed from afar by an efreet

Levels and vault maps discovered:
D:1:      minmay_arrival_solitary_statue, layout_basic, minmay_indecisive_spiral
D:2:      layout_basic, first_ration
D:3:      minmay_spotlight, layout_rooms, elyvilon_altar_4,
          nicolae_overflow_crystal_walls, lemuel_doored_altar,
          kennysheep_small_spiral, small_statue_intersection
D:4:      kb_forest_paths, layout_basic, kennysheep_mini, marbit_many_paths,
          minitemple, old_standard_altar, grunt_qazlal_sundering
D:5:      layout_loops_corners, nicolae_overflow_hidden_temple, uniq_edmund
D:6:      layout_basic, lemuel_round_altar, minmay_temple_entry_statues_pillars
D:7:      layout_basic, nicolae_ossuary_entry_false_entrances
D:8:      layout_loops_corners, erik_lair_orcish_takeover, uniq_psyche
Temple:   compressed_dpeg_triangle_lava_temple
Abyss:2:  base:
Ossuary

Skill      XL: |  1  2  3  4  5  6  7  8  9 |
---------------+----------------------------+-----
Conjurations   | 1 2 |  2.3
Spellcasting   | 5 6 7 8 9 |  9.1
Stealth        | 2 3 4 |  4.3
Fighting       | 1 2 3 4 |  4.3
Summonings     | 1 2 3 |  3.0
Polearms       | 1 2 3 |  3.8
Dodging        | 2 3 4 |  4.1
Necromancy     | |  0.8
Translocations | |  0.7
Fire Magic     | |  0.7
Air Magic      | |  0.5
Poison Magic   | |  0.8

Action                   |  1- 3 |  4- 6 |  7- 9 || total
-------------------------+-------+-------+-------++-------
Melee: Spear             |    38 |   161 |   261 ||   460
       Unarmed           |     5 |       |       ||     5
       Whip              |     4 |       |       ||     4
       Trident           |       |       |    28 ||    28
 Cast: Magic Dart        |    61 |   130 |    69 ||   260
       Call Imp          |    12 |    46 |    80 ||   138
       Mephitic Cloud    |     1 |     2 |    31 ||    34
       Foxfire           |       |       |    53 ||    53
       Pain              |       |       |    11 ||    11
       Blink             |       |       |     1 ||     1
  Use: Scroll            |     1 |     7 |     6 ||    14
 Stab: Confused          |     3 |       |    11 ||    14
       Distracted        |       |       |     3 ||     3
Armor: Robe              |    14 |    49 |    68 ||   131
Dodge: Dodged            |    28 |    73 |   141 ||   242

Table legend:
 A = Non-vault XP
 B = Vault XP
 C = Vault XP percentage of total XP
 D = Non-vault monster count
 E = Vault monster count
 F = Vault count percentage of total count
                 A         B        C        D         E       F
            +---------+---------+-------+---------+---------+-------
      Total |    2904 |     811 |  21.8 |     160 |      22 |  12.1
            +---------+---------+-------+---------+---------+-------
        D:1 |      47 |       8 |  14.5 |      25 |       4 |  13.8
        D:2 |      38 |       0 |   0.0 |      15 |       0 |   0.0
        D:3 |      47 |       9 |  16.1 |      25 |       5 |  16.7
        D:4 |      96 |     226 |  70.2 |      10 |       3 |  23.1
        D:5 |     494 |      97 |  16.4 |      18 |       1 |   5.3
        D:6 |     723 |       0 |   0.0 |      29 |       0 |   0.0
        D:7 |     850 |       0 |   0.0 |      20 |       0 |   0.0
        D:8 |     609 |     471 |  43.6 |      18 |       9 |  33.3
            +---------+---------+-------+---------+---------+-------
